Map: 버밀리언의 특종

Players

테라진

  • Race: Terran Terran
  • Spawn Location: 11:00

밤하늘

  • Race: Protoss Protoss
  • Spawn Location: 11:00

VOD

Have the link to the VOD?

Description

Time

  • Played on: Feb. 6, 2019, 10:56 p.m.
  • Length: 22:11
Show
View Real Time Build Order
Export as new Build Order

테라진 Terran 

Build Orders:  

Get SALT Encoding   

  12  0:06  SCV  
Show
View Real Time Build Order
Export as new Build Order

밤하늘 Protoss 

Build Orders:  

Get SALT Encoding   

  12  0:02  Probe (Chrono Boost)  
  13  0:16  Probe (Chrono Boost)  
  14  0:30  Probe (Chrono Boost)  
  15  0:44  Probe (Chrono Boost)  
  16  0:58  Probe (Chrono Boost)  
  17  1:11  Probe (Chrono Boost)  
  17  1:16  Zoraya Legion  
  18  1:55  Ancient Nexus  
  18  2:06  Xel'Naga Passageway  
  18  2:10  Probe (Chrono Boost)  
  19  2:24  Probe (Chrono Boost)  
  20  2:37  Xel'Naga Passageway  
  20  2:38  Probe (Chrono Boost)  
  21  2:52  Probe (Chrono Boost)  
  22  3:03  Xel'Naga Passageway  
  22  3:06  Probe (Chrono Boost)  
  23  3:18  Core Forge  
  23  3:19  Probe (Chrono Boost)  
  24  3:33  Probe (Chrono Boost)  
  24  3:36  Probe (Chrono Boost)  
  26  3:47  Probe (Chrono Boost)  
  27  3:50  Probe (Chrono Boost)  
  28  4:04  Probe (Chrono Boost)  
  29  4:20  Constructs Facility  
  29  4:32  Probe x2 (Chrono Boost)  
  31  4:45  Probe (Chrono Boost)  
  31  4:46  Probe (Chrono Boost)  
  33  4:53  Zoraya Legion  
  33  4:59  Probe (Chrono Boost)  
  33  5:00  Probe (Chrono Boost)  
  35  5:13  Probe (Chrono Boost)  
  35  5:17  Probe (Chrono Boost)  
  35  5:19  Xel'Naga Shieldguard x2  
  33  5:20  Xel'Naga Shieldguard  
  39  5:27  Probe (Chrono Boost)  
  41  5:38  Xel'Naga Shieldguard  
  42  5:43  Constructs Bay  
  42  5:44  Probe x2 (Chrono Boost)  
  44  6:10  Xel'Naga Void Array x2  
  45  6:30  Xel'Naga Void Array x2  
  46  6:48  Xel'Naga Void Array  
  46  6:52  Xel'Naga Watcher  
  46  7:04  Xel'Naga Watcher  
  46  7:07  Xel'Naga Ambusher  
  46  7:08  Xel'Naga Void Array  
  46  7:10  Xel'Naga Ambusher x2  
  46  7:17  Xel'Naga Watcher  
  46  7:18  Tesseract Cannon  
  52  8:05  Xel'Naga Void Array  
  52  8:21  Xel'Naga Void Array  
  52  8:24  Xel'Naga Ambusher  
  52  8:27  Xel'Naga Ambusher x2  
  56  9:12  Xel'Naga Void Array  
  56  9:18  Zoraya Legion  
  56  9:21  Xel'Naga Void Array  
  56  9:28  Xel'Naga Ambusher  
  56  9:31  Xel'Naga Ambusher x2  
  56  9:32  Xel'Naga Void Array  
  62  9:45  Xel'Naga Shieldguard  
  63  9:52  Xel'Naga Shieldguard, Xel'Naga Ambusher  
  66  10:00  Xel'Naga Shieldguard  
  67  10:17  Xel'Naga Void Array  
  67  10:20  Xel'Naga Void Array  
  67  10:37  Xel'Naga Void Array  
  66  10:41  Xel'Naga Ambusher  
  66  10:44  Xel'Naga Ambusher x2  
  72  11:05  Xel'Naga Ambusher x2  
  76  11:19  Xel'Naga Void Array  
  76  11:51  Zoraya Legion  
  76  11:58  Xel'Naga Watcher  
  76  12:07  Xel'Naga Void Array  
  76  12:09  Xel'Naga Ambusher  
  76  12:10  Xel'Naga Watcher  
  76  12:13  Xel'Naga Ambusher x2  
  82  12:22  Xel'Naga Watcher  
  82  12:30  Xel'Naga Void Array  
  82  12:34  Xel'Naga Ambusher  
  84  12:56  Xel'Naga Ambusher x2  
  88  13:25  Xel'Naga Void Array  
  88  13:32  Xel'Naga Void Array  
  86  14:08  Xel'Naga Void Array  
  86  14:32  Zoraya Legion  
  82  14:47  Xel'Naga Void Array  
  80  14:58  Xel'Naga Void Array  
  80  15:15  Xel'Naga Void Array  
  80  15:37  Xel'Naga Void Array  
  77  16:12  Xel'Naga Void Array  
  77  16:19  Xel'Naga Void Array  
  77  16:37  Zoraya Legion  
  77  16:40  Xel'Naga Void Array  
  76  17:54  Xel'Naga Void Array  
  76  18:01  Tesseract Cannon  
  76  18:04  Tesseract Cannon  
  76  18:06  Tesseract Cannon  
  76  18:09  Tesseract Cannon  
  76  18:14  Tesseract Cannon  
  76  18:16  Tesseract Cannon  
  76  18:19  Tesseract Cannon  
  76  18:25  Tesseract Cannon  
  76  18:29  Tesseract Cannon  
  72  18:32  Tesseract Cannon  
  72  19:27  Xel'Naga Ambusher  
  72  19:30  Xel'Naga Ambusher  
  72  19:31  Xel'Naga Ambusher, Xel'Naga Void Array  
  72  19:36  Tesseract Cannon  
  78  19:40  Tesseract Cannon  
  78  19:42  Tesseract Cannon  
  78  19:44  Xel'Naga Ambusher  
  78  19:46  Tesseract Cannon  
  78  19:49  Tesseract Cannon  
  80  19:51  Xel'Naga Ambusher  
  80  19:52  Xel'Naga Ambusher  
  80  19:54  Tesseract Cannon  
  84  20:00  Tesseract Cannon  
  84  20:02  Tesseract Cannon  
  84  20:07  Tesseract Cannon  
  84  20:10  Tesseract Cannon  
  84  20:12  Tesseract Cannon, Xel'Naga Ambusher  
  84  20:13  Xel'Naga Ambusher  
  88  20:50  Xel'Naga Void Array  
  88  20:56  Zoraya Legion  
Tags
 
Add a new tag
Caveats
  • Supply blocks, unpowered buildings, or Contaminate may cause inaccurate times.
  • Supply counts are checked every 10 seconds.